Map: 2000 Atmospheres LE

Players

Astrea

  • Race: Protoss Protoss
  • League: Grandmaster

Krystianer - Winner!

  • Race: Protoss Protoss
  • League: Master

Event: DreamHack SC2 Masters Last Chance 2022

VOD

Have the link to the VOD?

Description

Time

  • Played on: Dec. 17, 2021, 1:31 p.m.
  • Length: 6:07

All games in this series

Show
View Real Time Build Order
Export as new Build Order

Astrea Protoss 

Build Orders: 1 Gate Expand, Phoenix Opening 

Get SALT Encoding   

  12  0:00  Probe  
  13  0:12  Probe  
  14  0:17  Pylon  
  14  0:24  Probe (Chrono Boost)  
  15  0:37  Gateway, Probe (Chrono Boost)  
  16  0:45  Probe (Chrono Boost)  
  16  0:46  Assimilator  
  17  0:51  Probe  
  18  1:03  Probe  
  19  1:15  Probe  
  20  1:23  Nexus  
  20  1:27  Probe  
  21  1:35  Cybernetics Core  
  21  1:40  Assimilator  
  21  1:47  Probe  
  21  1:50  Pylon  
  22  1:59  Probe  
  23  2:11  Probe  
  23  2:12  Sentry (Chrono Boost)  
  23  2:14  Warp Gate  
  26  2:22  Shield Battery  
  26  2:23  Probe  
  26  2:29  Stalker (Chrono Boost)  
  27  2:34  Shield Battery  
  27  2:36  Probe x2  
  31  2:39  Phoenix  
  30  2:45  Robotics Facility  
  30  2:48  Probe x2  
  32  2:58  Stalker  
  34  3:00  Probe (Chrono Boost)  
  34  3:05  Probe (Chrono Boost)  
  36  3:11  Probe (Chrono Boost)  
  37  3:15  Gateway, Probe (Chrono Boost)  
  37  3:18  Probe  
  39  3:25  Probe  
  40  3:29  Immortal (Chrono Boost)  
  44  3:34  Shield Battery  
  44  3:37  Shield Battery  
  44  3:40  Shield Battery  
  44  3:45  Probe x2  
  46  3:49  Shield Battery  
  46  3:55  Shield Battery  
  46  4:02  Pylon  
  46  4:04  Shield Battery  
  46  4:14  Pylon  
  46  4:15  Gateway, Pylon  
  46  4:20  Warp Prism  
  46  4:23  Probe x2  
  48  4:24  Shield Battery  
  48  4:25  Stalker  
  48  4:28  Stalker  
  51  4:35  Probe  
  49  4:41  Probe  
  48  4:47  Probe  
  45  4:55  Stalker  
  45  4:59  Probe  
  45  5:11  Probe x2  
  51  5:14  Stalker  
  51  5:15  Stalker  
  55  5:21  Immortal (Chrono Boost)  
  55  5:23  Probe  
  56  5:32  Pylon  
  56  5:39  Pylon  
  56  5:41  Stalker x2  
Show
View Real Time Build Order
Export as new Build Order

Krystianer Protoss - Winner!

Build Orders:  

Get SALT Encoding   

  12  0:00  Probe  
  13  0:12  Probe  
  14  0:16  Pylon  
  14  0:24  Probe (Chrono Boost)  
  16  0:36  Probe (Chrono Boost)  
  16  0:37  Gateway  
  16  0:41  Probe (Chrono Boost)  
  16  0:45  Assimilator  
  17  0:51  Probe  
  17  0:53  Assimilator  
  18  1:03  Probe (Chrono Boost)  
  19  1:06  Gateway  
  20  1:12  Probe (Chrono Boost)  
  20  1:17  Probe (Chrono Boost)  
  20  1:24  Cybernetics Core  
  21  1:29  Probe  
  22  1:35  Pylon  
  22  1:41  Probe  
  23  1:53  Probe  
  24  1:56  Pylon  
  24  2:01  Stalker  
  24  2:05  Stalker  
  28  2:09  Warp Gate  
  28  2:21  Robotics Facility  
  28  2:31  Adept  
  30  2:37  Adept  
  31  3:01  Gateway  
  31  3:04  Sentry  
  33  3:05  Immortal (Chrono Boost)  
  33  3:12  Adept  
  39  3:18  Pylon  
  39  3:34  Warp Prism (Chrono Boost)  
  41  3:57  Adept  
  41  3:58  Adept x2  
  41  4:00  Pylon  
  47  4:16  Immortal (Chrono Boost)  
  51  4:39  Sentry x2  
  51  4:42  Pylon  
  51  4:43  Pylon  
  53  5:00  Immortal (Chrono Boost)  
  55  5:13  Stalker x2  
  55  5:18  Stalker  
  57  5:38  Adept  
  57  5:40  Adept  
  57  5:42  Adept  
  55  6:03  Adept x3  

Tags
 
Add a new tag
Caveats
  • Supply blocks, unpowered buildings, or Contaminate may cause inaccurate times.
  • Supply counts are checked every 10 seconds.